 Dungeon Crawl Stone Soup version 0.30.0-10-gfe55d96785 (webtiles) character file.

Game seed: 17849708215598121809

5268 qw the Cleaver (level 10, -2/65 HPs)
             Began as a Gargoyle Fighter on May 13, 2023.
             Was a Priest of Okawaru.
             Slain by a skeletal warrior
             ... wielding a +2 vampiric long sword
              (13 damage)
             ... on level 11 of the Dungeon.
             The game lasted 00:03:56 (7263 turns).

qw the Cleaver (Gargoyle Fighter)                   Turns: 7263, Time: 00:03:57

Health: -2/65      AC: 27    Str: 30    XL:     10   Next: 62%
Magic:  11/13      EV: 10    Int: 11    God:    Okawaru [***...]
Gold:   1004       SH:  6    Dex: 11    Spells: 9/9 levels left

rFire   + + .        Y - +1 war axe
rCold   + . .        c - +0 buckler
rNeg    + . .        w - +2 plate armour
rPois   inf          (no helmet)
rElec   +            k - +2 cloak
rCorr   .            (no gloves)
SInv    .            (no boots)
Will    .....        r - amulet of regeneration Stlth
                     m - ring "Qiepis" {rF++ rC+}
HPRegen 1.10/turn    b - ring "Ras Ecy" {Contam rElec Str+6 Int+2 Dex+2}
MPRegen 0.13/turn

%: no passive effects
@: about to teleport, heroic
A: sickness immunity, AC +7, negative energy resistance 1, electricity
resistance, torment resistance 1, petrification resistance
a: Renounce Religion, Heroism


You were on level 11 of the Dungeon.
You worshipped Okawaru.
Okawaru was most pleased with you.
You visited 2 branches of the dungeon, and saw 10 of its levels.

You collected 1004 gold pieces.


Innate Abilities, Weirdness & Mutations

You are immune to sickness and miasma.
Your stone body is resilient. (AC +7)
You are immune to poison.
You resist negative energy. (rN+)
You are resistant to electric shocks. (rElec)
You are resistant to unholy torment.
You are immune to petrification.


   Skills:
 - Level 8.4(13.4) Fighting
 + Level 10.3(15.3) Axes
 - Level 6.1(11.1) Armour
 - Level 2.3(7.3) Dodging
 - Level 5.9(10.9) Shields
 - Level 4.0 Invocations


You had 9 spell levels left.
You didn't know any spells.
Your spell library was empty.

Inventory:

Hand Weapons
 f - a +0 eveningstar
 Y - a +1 war axe (weapon)
Armour
 c - a +0 buckler (worn)
 k - a +2 cloak (worn)
 w - a +2 plate armour (worn)
Jewellery
 b - the ring "Ras Ecy" (right hand) {Contam rElec Str+6 Int+2 Dex+2}
   (You acquired it on level 2 of the Dungeon)

   [ring of strength]

   Str:       It affects your strength (+6).
   Int:       It affects your intelligence (+2).
   Dex:       It affects your dexterity (+2).
   rElec:     It insulates you from electricity.
   Contam:    It causes magical contamination when unequipped.
 g - a +6 ring of dexterity
 j - an amulet of reflection
 m - the ring "Qiepis" (left hand) {rF++ rC+}
   (You found it on level 3 of the Dungeon)

   [ring of protection from cold]

   rF:        It greatly protects you from fire.
   rC:        It protects you from cold.
 r - an amulet of regeneration (around neck)
 u - a ring of ice
Scrolls
 h - 2 scrolls of teleportation
 l - 2 scrolls of identify
Potions
 a - a potion of haste
 d - 2 potions of might
 e - 2 potions of attraction
 i - 2 potions of curing
 n - a potion of ambrosia {unknown}
 o - a potion of magic {unknown}
 s - a potion of heal wounds
 v - a potion of mutation {unknown}

Dungeon Overview and Level Annotations

Branches:
Dungeon (8/15)             Temple (1/1) D:4
   Lair: D:8-11

Altars:
Ashenzari
Cheibriados
Dithmenos
Elyvilon
Fedhas
Gozag
Kikubaaqudgha
Makhleb
Nemelex Xobeh
Okawaru
Qazlal
Ru
Trog
Uskayaw
Vehumet
Wu Jian
Xom
Yredelemnul
Zin
The Shining One

Shops:
D:1 *   D:4 [[   D:5 =

Annotations:
D:5 2 transporters, snuffy's ghost, novice DrGl


Message History

The skeletal warrior hits you but does no damage.
You barely miss the skeletal warrior.
The skeletal warrior is heavily damaged.
You closely miss the skeletal warrior.
The skeletal warrior hits you with a +2 vampiric long sword.
The skeletal warrior hits you but does no damage.
You slice the skeletal warrior!!
The skeletal warrior is almost destroyed.
You slash the skeletal warrior!
You feel like a meek peon again.
7259 ||| INVOKING Heroism.
You gain the combat prowess of a mighty hero.
An orc comes into view. It is wielding a +0 flail.
The orc warrior completely misses you.
You block the skeletal warrior's attack. x2
You closely miss the skeletal warrior.
The skeletal warrior is almost destroyed.
You closely miss the skeletal warrior.
An orc wizard comes into view. It is wielding a +0 dagger.
The orc warrior barely misses you.
The skeletal warrior hits you with a +2 vampiric long sword.
The skeletal warrior hits you but does no damage.
The orc wizard shouts!
You hit the skeletal warrior but do no damage.
The skeletal warrior is almost destroyed.
You hit the skeletal warrior but do no damage.
You block the orc warrior's attack.
The skeletal warrior hits you but does no damage. x2
You closely miss the skeletal warrior.
The skeletal warrior is almost destroyed.
You slash the skeletal warrior! The orc warrior misses you.
The skeletal warrior hits you with a +2 vampiric long sword!
The skeletal warrior hits you but does no damage.
7263 ||| READING 3 scrolls of teleportation.
As you read the scroll of teleportation, it crumbles to dust.
You feel strangely unstable.
The orc warrior hits you from afar with a +0 trident.
The skeletal warrior hits you with a +2 vampiric long sword!
You die...

########..#######
#..#
######..#######.
........).......
................
######.........(
#######..######..
.........######..
.........@z......
.........z#####..
.........o#
.........o#
.........o.
########..## #..#
#..#


You could see 2 skeletal warriors, an orc warrior, an orc wizard and an orc.

Vanquished Creatures
  2 skeletal warriors (D:11)
  Pikel (D:8)
  Joseph (D:7)
  A troll (D:8)
  A hornet (D:7)
  Eustachio (D:6)
  Menkaure (D:5)
  A sky beast (D:7)
  3 ogres
  2 lemures (D:8)
  4 centaurs
  A phantom (D:5)
  A kobold brigand (D:8)
  6 bullfrogs
  4 scorpions
  7 wights
  2 killer bees (D:8)
  4 howler monkeys
  2 jellies
  4 hounds
  Terence (D:2)
  4 orc wizards
  2 sleepcaps
  Natasha (thrice) (D:2)
  2 iguanas
  8 adders
  3 gnolls
  2 shadow imps (D:5)
  3 white imps
  An ufetubus (D:6)
  3 worms
  4 dart slugs
  18 orcs
  4 bats
  4 endoplasms
  7 giant cockroaches
  7 goblins
  8 hobgoblins
  2 jackals (D:1)
  11 quokkas
  9 ball pythons
  2 frilled lizards (D:1)
  9 kobolds
  7 rats
173 creatures vanquished.

Notes
Turn   | Place    | Note
-------+----------+-------------------------------------------
     0 | D:1      | qw the Gargoyle Fighter began the quest for the Orb.
     0 | D:1      | Reached XP level 1. HP: 14/14 MP: 1/1
     0 | D:1      | 0 ||| qw: Version: 0.2-a-92-gf946c9c
     0 | D:1      | 0 ||| qw: Game counter: 12
     0 | D:1      | 0 ||| qw: Always use a shield: true
     0 | D:1      | 0 ||| qw: God list: Okawaru
     0 | D:1      | 0 ||| qw: Allow faded altars: false
     0 | D:1      | 0 ||| qw: Do Orc after D:15 true
     0 | D:1      | 0 ||| qw: Do second Lair branch before Depths: true
     0 | D:1      | 0 ||| qw: Lair rune preference: random
     0 | D:1      | 0 ||| qw: Plans: Normal, Zot:1-4, God:TSO, Crypt, Tomb,
                  | Pan, Slime:5, Hells, Abyss, Win
     0 | D:1      | 0 ||| PLANNING D:1-11
    97 | D:1      | Reached skill level 2 in Axes
   117 | D:1      | 117 ||| Stepping ~*~*~tactically~*~*~ (hiding).
   124 | D:1      | Reached XP level 2. HP: 19/19 MP: 2/2
   229 | D:1      | 229 ||| Stepping ~*~*~tactically~*~*~ (stealth).
   230 | D:1      | 230 ||| Stepping ~*~*~tactically~*~*~ (stealth).
   231 | D:1      | 231 ||| Stepping ~*~*~tactically~*~*~ (stealth).
   417 | D:1      | 417 ||| DROPPING +0 club.
   449 | D:1      | 449 ||| DROPPING +0 whip.
   459 | D:1      | 459 ||| Stepping ~*~*~tactically~*~*~ (stealth).
   461 | D:1      | 461 ||| Stepping ~*~*~tactically~*~*~ (stealth).
   465 | D:1      | 465 ||| Stepping ~*~*~tactically~*~*~ (hiding).
   473 | D:1      | Reached skill level 3 in Axes
   487 | D:1      | 487 ||| Stepping ~*~*~tactically~*~*~ (stealth).
   489 | D:1      | Found Daedwob's General Store.
   657 | D:1      | Reached XP level 3. HP: 21/23 MP: 3/3
   784 | D:1      | 784 ||| Stepping ~*~*~tactically~*~*~ (hiding).
  1248 | D:1      | 1248 ||| READING scroll labelled ROGATUHYDAF.
  1603 | D:2      | Noticed Natasha
  1614 | D:2      | HP: 5/23 [cerulean imp/+0 spear[Natasha] (2)]
  1614 | D:2      | HP: 2/23 [cerulean imp/+3 spear[Natasha] (2)]
  1615 | D:2      | Killed Natasha
  1616 | D:2      | Reached skill level 4 in Axes
  1616 | D:2      | Reached XP level 4. HP: 3/28 MP: 4/4
  2001 | D:2      | 2001 ||| Stepping ~*~*~tactically~*~*~ (stealth).
  2035 | D:2      | Noticed Terence
  2040 | D:2      | Killed Terence
  2041 | D:2      | Reached XP level 5. HP: 28/32 MP: 5/5
  2111 | D:2      | Noticed Natasha
  2120 | D:2      | Killed Natasha
  2121 | D:2      | Reached skill level 5 in Axes
  2273 | D:2      | Found a faded altar of an unknown god.
  2285 | D:2      | Noticed Natasha
  2291 | D:2      | Killed Natasha
  2352 | D:2      | 2352 ||| UPGRADING to +0 chain mail.
  2362 | D:2      | 2362 ||| DROPPING +0 scale mail.
  2363 | D:2      | 2363 ||| UPGRADING to +1 cloak.
  2368 | D:2      | 2368 ||| UPGRADING to +6 ring of dexterity.
  2369 | D:2      | 2369 ||| READING scroll labelled ENUAC KOANT.
  2370 | D:2      | 2370 ||| READING scroll labelled RETERPH ENWA.
  2370 | D:2      | Identified a scroll of acquirement
  2370 | D:2      | 2370 ||| ACQUIRING ring "Ras Ecy" {Contam rElec Str+6 Int+2
                  | Dex+2}
  2370 | D:2      | Acquired the ring "Ras Ecy" {Contam rElec Str+6 Int+2
                  | Dex+2}
  2372 | D:2      | 2372 ||| UPGRADING to ring "Ras Ecy" {Contam rElec Str+6
                  | Int+2 Dex+2}.
  2373 | D:2      | 2373 ||| DRINKING 2 black potions.
  2374 | D:2      | 2374 ||| DROPPING potion of brilliance.
  2419 | D:3      | Found a burning altar of Makhleb.
  2480 | D:3      | Identified the ring "Qiepis" {rF++ rC+}
  2661 | D:3      | 2661 ||| Stepping ~*~*~tactically~*~*~ (hiding).
  2799 | D:3      | Reached skill level 1 in Dodging
  2799 | D:3      | Reached XP level 6. HP: 38/38 MP: 6/6
  3061 | D:3      | 3061 ||| UPGRADING to ring "Qiepis" {rF++ rC+}.
  3063 | D:3      | 3063 ||| READING scroll labelled XUILIB TAVVE.
  3064 | D:3      | 3064 ||| READING scroll labelled TUOMANTU MITUKH.
  3065 | D:3      | 3065 ||| DRINKING 2 puce potions.
  3121 | D:4      | 3121 ||| Stepping ~*~*~tactically~*~*~ (stealth).
  3122 | D:4      | 3122 ||| Stepping ~*~*~tactically~*~*~ (stealth).
  3198 | D:4      | Found a radiant altar of Vehumet.
  3242 | D:4      | 3242 ||| Stepping ~*~*~tactically~*~*~ (stealth).
  3251 | D:4      | 3251 ||| Stepping ~*~*~tactically~*~*~ (hiding).
  3252 | D:4      | 3252 ||| Stepping ~*~*~tactically~*~*~ (hiding).
  3363 | D:4      | Found Zouxt's Antique Armour Emporium.
  3382 | D:4      | 3382 ||| STAIRDANCE
  3436 | D:3      | 3436 ||| READING scroll labelled ULLOTA DESK.
  3441 | D:4      | 3441 ||| SHOPLISTING glowing ring mail (210 gold, have
                  | 120).
  3441 | D:4      | 3441 ||| SHOPLISTING pair of runed gloves (225 gold, have
                  | 120).
  3441 | D:4      | 3441 ||| SHOPLISTING scorched cloak (285 gold, have 120).
  3516 | D:4      | 3516 ||| Stepping ~*~*~tactically~*~*~ (stealth).
  3519 | D:4      | 3519 ||| Stepping ~*~*~tactically~*~*~ (stealth).
  3734 | D:4      | 3734 ||| Stepping ~*~*~tactically~*~*~ (stealth).
  3813 | D:4      | 3813 ||| Stepping ~*~*~tactically~*~*~ (stealth).
  3917 | D:4      | Found Filuuwudou's Armour Emporium.
  3920 | D:4      | 3920 ||| SHOPLISTING +1 cloak of Starlight {*Dazzle EV+4
                  | Stlth--} (366 gold, have 146).
  3920 | D:4      | 3920 ||| SHOPLISTING +6 chain mail "Xaito" {Fly rC++ Int+3}
                  | (808 gold, have 146).
  3966 | D:4      | 3966 ||| Stepping ~*~*~tactically~*~*~ (hiding).
  4169 | D:4      | Found a staircase to the Ecumenical Temple.
  4170 | D:4      | 4170 ||| PLANNING TEMPLE
  4170 | D:4      | 4170 ||| READING scroll labelled PIJAPP ZEGO.
  4216 | Temple   | Entered the Ecumenical Temple
  4277 | Temple   | 4277 ||| PLANNING OKAWARU WORSHIP
  4369 | Temple   | Became a worshipper of Warmaster Okawaru
  4370 | Temple   | 4370 ||| PLANNING D:1-11
  4497 | D:4      | Found a basalt altar of Yredelemnul.
  4612 | D:5      | Entered Level 5 of the Dungeon
  4634 | D:5      | Reached skill level 6 in Axes
  4634 | D:5      | Reached XP level 7. HP: 40/43 MP: 7/7
  4673 | D:5      | 4673 ||| STAIRDANCE
  4688 | D:5      | 4688 ||| STAIRDANCE
  4692 | D:5      | 4692 ||| STAIRDANCE
  4696 | D:5      | 4696 ||| STAIRDANCE
  4700 | D:5      | 4700 ||| STAIRDANCE
  4704 | D:5      | 4704 ||| STAIRDANCE
  4708 | D:5      | 4708 ||| STAIRDANCE
  4712 | D:5      | 4712 ||| STAIRDANCE
  4716 | D:5      | 4716 ||| STAIRDANCE
  4720 | D:5      | 4720 ||| STAIRDANCE
  4724 | D:5      | 4724 ||| STAIRDANCE
  4728 | D:5      | 4728 ||| STAIRDANCE
  4732 | D:5      | 4732 ||| STAIRDANCE
  4736 | D:5      | 4736 ||| STAIRDANCE
  4740 | D:5      | 4740 ||| STAIRDANCE
  4761 | D:5      | 4761 ||| STAIRDANCE
  4765 | D:5      | 4765 ||| STAIRDANCE
  4769 | D:5      | 4769 ||| STAIRDANCE
  4773 | D:5      | 4773 ||| STAIRDANCE
  4777 | D:5      | 4777 ||| STAIRDANCE
  4786 | D:5      | Found Fitagoos's Jewellery Boutique.
  4858 | D:5      | 4858 ||| SHOPLISTING +6 ring of strength (540 gold, have
                  | 153).
  4858 | D:5      | 4858 ||| SHOPLISTING amulet of the acrobat (450 gold, have
                  | 153).
  4858 | D:5      | 4858 ||| SHOPLISTING ring of protection from fire (375
                  | gold, have 153).
  4858 | D:5      | 4858 ||| SHOPLISTING ring of see invisible (225 gold, have
                  | 153).
  4957 | D:5      | 4957 ||| Stepping ~*~*~tactically~*~*~ (stealth).
  4958 | D:5      | 4958 ||| Stepping ~*~*~tactically~*~*~ (stealth).
  4960 | D:5      | 4960 ||| Stepping ~*~*~tactically~*~*~ (stealth).
  5000 | D:5      | Reached * piety under Okawaru
  5001 | D:5      | Reached skill level 7 in Axes
  5007 | D:5      | 5007 ||| Stepping ~*~*~tactically~*~*~ (stealth).
  5017 | D:5      | Reached skill level 1 in Invocations
  5156 | D:5      | Noticed Menkaure
  5157 | D:5      | 5157 ||| INVOKING Heroism.
  5163 | D:5      | Killed Menkaure
  5164 | D:5      | Reached XP level 8. HP: 22/48 MP: 5/9
  5421 | D:5      | Noticed snuffy's ghost (novice DrGl)
  5422 | D:5      | Found a transporter.
  5422 | D:5      | Found a transporter.
  5424 | D:5      | 5424 ||| READING 3 scrolls of enchant armour.
  5424 | D:5      | 5424 ||| ENCHANTING +1 cloak.
  5525 | D:5      | 5525 ||| UPGRADING to amulet of regeneration.
  5530 | D:5      | 5530 ||| READING 2 scrolls labelled OKAIRRAOME.
  5531 | D:5      | 5531 ||| READING scroll labelled WUBAOGR QUULUF.
  5632 | D:5      | 5632 ||| READING 3 scrolls of identify.
  5632 | D:5      | 5632 ||| IDENTIFYING fizzy emerald potion
  5633 | D:5      | 5633 ||| READING 2 scrolls of identify.
  5633 | D:5      | 5633 ||| IDENTIFYING silvery potion
  5634 | D:5      | 5634 ||| DROPPING potion of invisibility.
  5635 | D:5      | 5635 ||| DROPPING scroll of amnesia.
  5679 | D:6      | 5679 ||| Stepping ~*~*~tactically~*~*~ (stealth).
  5680 | D:6      | 5680 ||| Stepping ~*~*~tactically~*~*~ (stealth).
  5708 | D:6      | 5708 ||| Stepping ~*~*~tactically~*~*~ (hiding).
  5712 | D:6      | Reached skill level 3 in Invocations
  5749 | D:6      | 5749 ||| Stepping ~*~*~tactically~*~*~ (stealth).
  5751 | D:6      | 5751 ||| INVOKING Heroism.
  5761 | D:6      | 5761 ||| Stepping ~*~*~tactically~*~*~ (stealth).
  5866 | D:6      | 5866 ||| Stepping ~*~*~tactically~*~*~ (hiding).
  5867 | D:6      | Noticed Eustachio
  5868 | D:6      | 5868 ||| INVOKING Heroism.
  5888 | D:6      | Killed Eustachio
  5889 | D:6      | Reached skill level 8 in Axes
  5994 | D:6      | Reached skill level 6 in Fighting
  6060 | D:6      | Found a stormy altar of Qazlal.
  6116 | D:6      | Found a hide-covered altar of Uskayaw.
  6218 | D:6      | Found a broken altar of Ashenzari.
  6220 | D:6      | 6220 ||| UPGRADING to +0 plate armour.
  6230 | D:6      | 6230 ||| DROPPING +0 chain mail.
  6231 | D:6      | 6231 ||| READING 2 scrolls of enchant armour.
  6231 | D:6      | 6231 ||| ENCHANTING +0 plate armour.
  6232 | D:6      | 6232 ||| READING scroll of enchant armour.
  6232 | D:6      | 6232 ||| ENCHANTING +1 plate armour.
  6233 | D:6      | 6233 ||| READING scroll labelled NUKUZI HISSO.
  6234 | D:6      | 6234 ||| READING scroll labelled WOUVVA VOWNAAST.
  6235 | D:6      | 6235 ||| READING scroll labelled QUXEUN SU WOAT.
  6283 | D:7      | Reached XP level 9. HP: 55/55 MP: 12/12
  6306 | D:7      | 6306 ||| INVOKING Heroism.
  6320 | D:7      | 6320 ||| Stepping ~*~*~tactically~*~*~ (stealth).
  6368 | D:7      | Noticed Joseph
  6372 | D:7      | 6372 ||| DRINKING 2 potions of curing.
  6372 | D:7      | 6372 ||| (to cure confusion)
  6380 | D:7      | Noticed a hornet
  6383 | D:7      | Killed Joseph
  6383 | D:7      | Reached ** piety under Okawaru
  6384 | D:7      | Reached skill level 9 in Axes
  6393 | D:7      | 6393 ||| INVOKING Heroism.
  6396 | D:7      | Killed a hornet
  6489 | D:7      | 6489 ||| READING scroll of acquirement.
  6489 | D:7      | 6489 ||| ACQUIRING 616 gold pieces
  6489 | D:7      | Acquired 616 gold pieces
  6578 | D:7      | 6578 ||| Stepping ~*~*~tactically~*~*~ (stealth).
  6647 | D:7      | Reached *** piety under Okawaru
  6656 | D:7      | 6656 ||| DROPPING +2 hand axe of venom.
  6719 | D:7      | 6719 ||| Stepping ~*~*~tactically~*~*~ (stealth).
  6721 | D:7      | 6721 ||| Stepping ~*~*~tactically~*~*~ (hiding).
  6739 | D:7      | 6739 ||| Stepping ~*~*~tactically~*~*~ (stealth).
  6741 | D:7      | 6741 ||| Stepping ~*~*~tactically~*~*~ (hiding).
  6915 | D:7      | 6915 ||| INVOKING Heroism.
  6983 | D:7      | Found a glowing golden altar of the Shining One.
  6983 | D:7      | Found a white marble altar of Elyvilon.
  6983 | D:7      | Found a glowing silver altar of Zin.
  7054 | D:8      | Noticed Pikel
  7055 | D:8      | 7055 ||| INVOKING Heroism.
  7056 | D:8      | 7056 ||| Stepping ~*~*~tactically~*~*~ (stealth).
  7073 | D:8      | Killed Pikel
  7074 | D:8      | Reached skill level 10 in Axes
  7074 | D:8      | Reached XP level 10. HP: 63/63 MP: 13/13
  7079 | D:8      | 7079 ||| Stepping ~*~*~tactically~*~*~ (hiding).
  7095 | D:8      | Reached skill level 6 in Armour
  7099 | D:8      | 7099 ||| Stepping ~*~*~tactically~*~*~ (hiding).
  7100 | D:8      | 7100 ||| INVOKING Heroism.
  7101 | D:8      | 7101 ||| Stepping ~*~*~tactically~*~*~ (hiding).
  7102 | D:8      | 7102 ||| Stepping ~*~*~tactically~*~*~ (hiding).
  7128 | D:8      | 7128 ||| Stepping ~*~*~tactically~*~*~ (hiding).
  7130 | D:8      | 7130 ||| Stepping ~*~*~tactically~*~*~ (hiding).
  7160 | D:8      | 7160 ||| Stepping ~*~*~tactically~*~*~ (stealth).
  7167 | D:8      | You fall into a shaft and drop 3 floors!
  7172 | D:11     | Noticed a skeletal warrior
  7173 | D:11     | 7173 ||| INVOKING Heroism.
  7197 | D:11     | Killed a skeletal warrior
  7215 | D:11     | Noticed a manticore
  7216 | D:11     | 7216 ||| Stepping ~*~*~tactically~*~*~ (stealth).
  7234 | D:11     | Noticed a skeletal warrior
  7235 | D:11     | 7235 ||| INVOKING Heroism.
  7236 | D:11     | Noticed a skeletal warrior
  7237 | D:11     | Noticed a skeletal warrior
  7243 | D:11     | Killed a skeletal warrior
  7259 | D:11     | 7259 ||| INVOKING Heroism.
  7262 | D:11     | HP: 11/65 [skeletal warrior/+2 vampiric long sword (8)]
  7263 | D:11     | 7263 ||| READING 3 scrolls of teleportation.
  7263 | D:11     | Slain by a skeletal warrior

Levels and vault maps discovered:
D:1:      dpeg_chamrin_arrival_tetris, layout_basic, serial_shops,
          nicolae_shop_tiny_glass
D:2:      layout_basic, hellmonk_ecumenical_altar_leap_of_faith, uniq_terence,
          uniq_natasha
D:3:      layout_loops_cross, lemuel_round_altar, minivault_26,
          serial_park_tiny_1, small_statue_intersection
D:4:      layout_basic, mainiacjoe_overflow_tiny_flanked,
          mainiacjoe_overflow_brackets, minmay_temple_entry_poolview,
          serial_shops, kennysheep_mini_moat, nicolae_stop_n_shop_1,
          hangedman_decor_diamond_cutter
D:5:      layout_basic, gammafunk_ghost_smash, serial_shops, shop, uniq_menkaure
D:6:      layout_rooms, lemuel_coloured_pillars_altar,
          mainiacjoe_overflow_alcove_4, nicolae_uskayaw_dance_hall,
          hellmonk_no_cap, uniq_eustachio
D:7:      layout_rooms, good_gods_mini_temple, minmay_manual_moon, uniq_joseph
D:8:      layout_basic, nicolae_hepliaklqana_monster_ancestors, uniq_pikel
D:11:     layout_long_grid, erik_lair_island
Temple:   jpeg_temple_clearing

Skill      XL: |  1  2  3  4  5  6  7  8  9 10 |
---------------+-------------------------------+-----
Axes           | 2 3 4 5 6 7 8 10 | 10.3
Dodging        | 1 2 |  2.3
Fighting       | 4 6 7 8 |  8.4
Invocations    | 2 4 |  4.0
Armour         | 5 6 |  6.1
Shields        | 4 5 |  5.9

Action                     |  1- 3 |  4- 6 |  7- 9 | 10-12 || total
---------------------------+-------+-------+-------+-------++-------
  Melee: War axe           |   133 |   178 |   240 |    84 ||   635
 Invoke: Heroism           |       |       |     7 |     4 ||    11
    Use: Scroll            |     1 |     6 |    11 |     1 ||    19
         Potion            |       |     2 |     1 |       ||     3
 Armour: Scale mail        |    64 |    27 |       |       ||    91
         Chain mail        |       |    60 |    60 |       ||   120
         Plate armour      |       |       |    74 |    55 ||   129
  Dodge: Dodged            |    62 |    61 |   104 |    23 ||   250
  Block: Buckler           |    24 |    32 |    48 |    20 ||   124

Table legend:
 A = Non-vault XP
 B = Vault XP
 C = Vault XP percentage of total XP
 D = Non-vault monster count
 E = Vault monster count
 F = Vault count percentage of total count
                 A         B        C        D         E       F
            +---------+---------+-------+---------+---------+-------
      Total |    5447 |    2080 |  27.6 |     157 |      14 |   8.2
            +---------+---------+-------+---------+---------+-------
        D:1 |      57 |       0 |   0.0 |      31 |       0 |   0.0
        D:2 |     136 |      73 |  34.9 |      22 |       2 |   8.3
        D:3 |     193 |       0 |   0.0 |      14 |       0 |   0.0
        D:4 |     148 |       0 |   0.0 |      28 |       0 |   0.0
        D:5 |     587 |     172 |  22.7 |      14 |       1 |   6.7
        D:6 |     724 |     233 |  24.3 |      17 |       2 |  10.5
        D:7 |    1135 |     961 |  45.8 |      16 |       8 |  33.3
        D:8 |     911 |     641 |  41.3 |      12 |       1 |   7.7
       D:11 |    1556 |       0 |   0.0 |       3 |       0 |   0.0
            +---------+---------+-------+---------+---------+-------
